 Dungeon Crawl Stone Soup version 0.18-a0-486-gab6c0bd (webtiles) character file.

28926 M4edhros the Unseen (level 13, 0/72 HPs)
             Began as an Octopode Artificer on Dec 2, 2015.
             Was an Elder of Fedhas.
             Slain by an orc warrior
             ... wielding a +0 mace
              (18 damage)
             ... on level 1 of the Orcish Mines on Dec 3, 2015.
             The game lasted 00:52:13 (15643 turns).

M4edhros the Unseen (Octopode Artificer)           Turns: 15643, Time: 00:52:14

Health: 0/72       AC:  4    Str: 20    XL:     13   Next: 42%
Magic:  0/22       EV: 12    Int: 24    God:    Fedhas [****..]
Gold:   1787       SH: 13    Dex: 12    Spells: 3 memorised, 10 levels left

rFire  + . .     SeeInvis +     U - +4 demon trident (drain)
rCold  + . .     Clarity  .     F - +2 shield {rF+}
rNeg   + . .     SustAt   .     Z - +2 hat {MR+}
rPois  .         Gourm    .     G - amulet of guardian spirit
rElec  .         Spirit   +     p - ring of positive energy
rCorr  .         Dismiss  .     u - ring of stealth
rMut   .         Stasis   .     D - ring of Noibumes {Str+4 Int+3}
MR     ++...                    (no ring)
Stlth  +++++++++.               s - ring "Istacwuafa" {MR+ Str+3 Int+2}
                                P - ring of protection from cold
                                J - +2 ring of evasion
                                H - ring of see invisible

@: very resistant to hostile enchantments, incredibly stealthy
A: almost no armour, amphibious, 8 rings, constrict 8, tentacle spike 1,
camouflage 1, blurry vision 1, high mp 1, shaggy fur 1, strong 1, gelatinous
body 1
a: Evolution, Sunlight, Growth, Reproduction, Renounce Religion


You were on level 1 of the Orcish Mines.
You worshipped Fedhas.
Fedhas was greatly pleased with you.
You were near starving.

You visited 3 branches of the dungeon, and saw 19 of its levels.
You also visited: Bailey.

You collected 1925 gold pieces.
You spent 138 gold pieces at shops.

Inventory:

Hand Weapons
 e - a +2 short sword of venom
 U - a +4 demon trident of draining (weapon)
 W - a +0 hunting sling
Missiles
 b - 15 exploding sling bullets
 f - 310 stones (quivered)
 l - 3 throwing nets
 n - 69 sling bullets
Armour
 F - a +2 shield of fire resistance (worn)
 Z - a +2 hat of magic resistance (worn)
Rods
 t - a +6 rod of shadows (9/9)
   (You found it in a bailey)
Jewellery
 p - a ring of positive energy (left tentacle)
 s - the ring "Istacwuafa" (on tentacle) {MR+ Str+3 Int+2}
   (You found it on level 6 of the Dungeon)

   [ring of protection from magic]

   It affects your strength (+3).
   It affects your intelligence (+2).
   It affects your resistance to hostile enchantments.
 u - a ring of stealth (right tentacle)
 D - the ring of Noibumes (on tentacle) {Str+4 Int+3}
   (You found it on level 7 of the Dungeon)

   [ring of strength]

   It affects your strength (+4).
   It affects your intelligence (+3).
 G - an amulet of guardian spirit (around mantle)
 H - a ring of see invisible (on tentacle)
 J - a +2 ring of evasion (on tentacle)
 O - an uncursed ring of fire
 P - a ring of protection from cold (on tentacle)
Wands
 a - a wand of cold (0)
 c - a wand of enslavement (5)
 h - a wand of fireball (6)
 E - a wand of flame (15)
 S - a wand of confusion (22)
Scrolls
 d - 2 scrolls of enchant weapon
 g - 5 scrolls of blinking
 m - 6 scrolls of teleportation
 q - a scroll of magic mapping
 r - 6 scrolls of fog
 w - 6 scrolls of fear
 y - 2 scrolls of enchant armour
 K - a scroll of brand weapon
 M - 6 scrolls of immolation
 N - a scroll of recharging
 Q - 5 scrolls of noise
Potions
 i - 2 potions of might
 x - 3 potions of agility
 C - 4 potions of curing
 I - a potion of berserk rage
 X - 3 potions of lignification
Books
 R - a book of Minor Magic

   Spells                             Type                      Level
   a - Magic Dart                     Conjuration                  1
   b - Blink                          Translocation                2
   c - Call Imp                       Summoning                    2
   d - Repel Missiles                 Charms/Air                   2
   e - Slow                           Hexes                        2
   f - Conjure Flame                  Conjuration/Fire             3
   g - Mephitic Cloud                 Conjuration/Poison/Air       3
Miscellaneous
 T - a piece from Xom's chessboard
Comestibles
 j - 2 beef jerkies
 z - 9 meat rations
 B - 8 royal jellies
 L - 13 fruits


   Skills:
 - Level 1.0 Fighting
 - Level 1.0 Short Blades
 * Level 8.0 Slings
 + Level 8.3 Dodging
 * Level 16.5 Stealth
 * Level 8.7 Shields
 + Level 2.6 Spellcasting
 + Level 8.6 Invocations
 + Level 10.4 Evocations


You had 10 spell levels left.
You knew the following spells:

 Your Spells              Type           Power        Failure   Level  Hunger
a - Mephitic Cloud        Conj/Pois/Air  #.......     78%         3    ###....
b - Repel Missiles        Chrm/Air       #.....       38%         2    ##.....
c - Blink                 Tloc           N/A          38%         2    ##.....


Dungeon Overview and Level Annotations

Branches:
Dungeon (14/15)            Temple (1/1) D:4            Lair (0/8) D:8
    Orc (4/4) D:10            Elf (0/3) Orc:3        Vaults (0/5) D:13

Altars:
Ashenzari
Cheibriados
Dithmenos
Elyvilon
Fedhas
Gozag
Kikubaaqudgha
Makhleb
Nemelex Xobeh
Okawaru
Qazlal
Ru
Sif Muna
Trog
Vehumet
Xom
Yredelemnul
Zin
The Shining One
Beogh

Shops:
Orc:4 =?![

Portals:
Trove: D:12 (give 6 scrolls of blinking)

Annotations:
D:11 exclusion: hydra
Orc:1 Fannar


Innate Abilities, Weirdness & Mutations

You cannot wear most types of armour.
You are amphibious.
You can wear up to eight rings at the same time.
You can use your tentacles to constrict eight enemies at once.
Your skin changes colour to match your surroundings (Stealth).
Your rubbery body absorbs attacks (AC +1).
One of your tentacles bears a spike.
Scrolls take you a little longer to read.
You have an increased reservoir of magic (+10% MP).
You are covered in fur (AC +1).
Your muscles are strong. (Str +2)


Message History

The tomahawk hits you but does no damage.
The orc wizard gestures at you while chanting.
The magic dart hits you!
* * * LOW HITPOINT WARNING * * *
The orc throws a steel tomahawk.
You block the steel tomahawk.
The orc shouts!
The orc priest shouts!
The orc shouts!
The orc shouts!
The orc shouts!
You hear a shout!
The orc shouts!
You hear a shout!
Found 64 gold pieces and a steel tomahawk.
An orc warrior comes into view. It is wielding a glaive.
There is a stone staircase leading down here.
Things that are here:
a steel tomahawk; a tomahawk Unknown command.
Read which item? (? for menu, Esc to quit)
Okay, then.
Drink which item? (? for menu, Esc to quit)
Okay, then.
The orc warrior hits you with a mace!!
You die...
Fedhas appreciates your contribution to the ecosystem.

.........#.....
o.$.$.....o....
......#(.....#.
..........o....
#......oo.....#
#..............
#e.....o......
#...@o....$.
#.#...o......
.....o....#..
....$...#...#
$......o...oo.
.#.............
#....#.. .....
....##...o....


You could see Fannar, 2 orc warriors, an orc priest, an orc wizard and 9 orcs.

Vanquished Creatures
  Gastronok (D:10)
  An orc warlord (Bailey)
  2 orc high priests (Orc:4)
  Nergalle (D:10)
  A skeletal warrior (D:11)
  An unseen horror (D:13)
  3 orc knights
  3 orc sorcerers (Orc:4)
  Joseph (D:10)
  Psyche (D:11)
  A deep elf priest (D:12)
  3 trolls
  Prince Ribbit (D:8)
  2 two-headed ogres
  3 yaks
  Eustachio (D:6)
  3 hippogriffs
  2 wyverns
  A vampire mosquito (D:13)
  A warg (Orc:3)
  A sky beast (D:6)
  20 orc warriors
  An ice beast (D:10)
  A phantom (D:7)
  5 ogres
  7 centaurs
  3 giant frogs
  Dowan (D:7)
  8 scorpions
  4 wights (D:7)
  A wyvern skeleton (D:7)
  3 killer bees
  7 crimson imps
  2 spriggan skeletons (D:9)
  7 hounds
  A quasit (D:9)
  17 orc priests
  Crazy Yiuf (D:7)
  3 jellies
  18 orc wizards
  9 worker ants
  Jessica (D:3)
  6 centaur skeletons
  4 iguanas
  4 giant frog skeletons
  A mummy (D:7)
  4 gnolls (D:5)
  9 adders
  4 shadow imps
  An ooze (D:3)
  An adder skeleton (D:9)
  3 worms
  5 giant geckos
  113 orcs
  7 bats
  2 giant cockroaches (D:7)
  9 hobgoblins
  10 jackals
  7 quokkas
  A ball python (D:4)
  A giant gecko skeleton (D:5)
  6 giant newts
  13 goblins
  23 kobolds
  A quokka skeleton (D:7)
  4 rats
  9 ballistomycetes
  A crawling corpse (D:12)
  7 giant spores
  2 hyperactive ballistomycetes
412 creatures vanquished.

Vanquished Creatures (collateral kills)
  Maud (D:10)
  The ghost of nublet the Infuser, a journeyman CeSk (D:10)
  A catoblepas (D:13)
  2 centaur warriors (D:13)
  An ogre mage (D:13)
  3 tengu warriors (D:13)
  2 skeletal warriors (D:11)
  An unseen horror (D:12)
  A hill giant (D:12)
  2 orc knights (Orc:4)
  2 ugly things
  An orc sorcerer (Orc:4)
  A manticore (D:11)
  A cyclops (D:13)
  2 centaur zombies (D:12)
  The ghost of Charly the Ruffian, a novice NaTm (D:6)
  A gargoyle (D:12)
  A troll (Orc:4)
  A tengu conjurer (D:13)
  A two-headed ogre (D:13)
  A shadow (D:11)
  A trapdoor spider (D:11)
  A spriggan (shapeshifter) (D:13)
  2 deep elf magi
  11 yaks
  A hungry ghost (D:9)
  Menkaure (D:6)
  6 wargs
  5 vampire mosquitoes
  Duvessa (D:7)
  2 ice beasts
  A sky beast (D:13)
  A phantom (D:9)
  13 orc warriors
  A black bear (shapeshifter) (D:13)
  5 centaurs
  A crocodile (D:12)
  10 killer bees
  A giant frog (D:11)
  4 crimson imps
  3 hounds
  4 centaur skeletons
  A wandering mushroom (D:10)
  2 giant frog zombies
  12 orc priests
  A jelly (D:12)
  14 orc wizards
  A worker ant (D:12)
  2 adders
  A worm (D:6)
  80 orcs
  A giant cockroach (D:5)
  A quokka (D:7)
  A giant gecko skeleton (D:7)
  A giant newt (D:6)
  A goblin (D:12)
  2 jackals
  2 crawling corpses (D:12)
  4 giant spores
  A toadstool (D:6)
231 creatures vanquished.

Vanquished Creatures (others)
  A thorn hunter (Orc:4)
  An orc high priest (Orc:4)
  19 wandering mushrooms
  A yak (D:12)
  3 necrophages (D:7)
  A scorpion (D:4)
  2 killer bees (D:8)
  An orc priest (Orc:4)
  A wasp zombie (D:11)
  A killer bee zombie (D:7)
  A worker ant zombie (D:6)
  3 orcs
  5 ballistomycetes
  2 fungi (Orc:4)
  3 giant spores (Orc:4)
  439 toadstools
484 creatures vanquished.

Grand Total: 1127 creatures vanquished

Notes
Turn   | Place    | Note
--------------------------------------------------------------
     0 | D:1      | M4edhros the Octopode Artificer began the quest for the Orb.
     0 | D:1      | Reached XP level 1. HP: 13/13 MP: 3/3
   205 | D:1      | Reached XP level 2. HP: 12/18 MP: 4/4
   242 | D:2      | Reached skill level 4 in Evocations
   242 | D:2      | Reached XP level 3. HP: 6/23 MP: 4/6
   622 | D:2      | Found a white marble altar of Elyvilon.
   811 | D:2      | Reached XP level 4. HP: 25/28 MP: 7/7
   937 | D:2      | Found a blossoming altar of Fedhas.
  1022 | D:3      | Found a burning altar of Makhleb.
  1202 | D:4      | Found a staircase to the Ecumenical Temple.
  1224 | D:4      | Reached skill level 5 in Evocations
  1225 | D:4      | Reached XP level 5. HP: 33/33 MP: 8/8
  1324 | Temple   | Entered the Ecumenical Temple
  1368 | Temple   | Became a worshipper of Xom of Chaos
  1475 | D:2      | Fell from the grace of Xom
  1475 | D:2      | Became a worshipper of Fedhas Madash
  2023 | D:1      | Reached skill level 5 in Stealth
  2517 | D:3      | Noticed Jessica
  2527 | D:3      | Killed Jessica
  2954 | D:4      | XOM: give mutations
  2954 | D:4      | Gained mutation: You are partially covered in thin metallic scales (AC +2). [Xom's mischief]
  2954 | D:4      | Gained mutation: Scrolls take you a little longer to read. [Xom's mischief]
  2954 | D:4      | Gained mutation: You are clumsy. (Dex -2) [Xom's mischief]
  2979 | D:4      | Noticed an ogre
  2992 | D:4      | Killed an ogre
  2992 | D:4      | Reached skill level 6 in Stealth
  2992 | D:4      | Reached XP level 6. HP: 38/38 MP: 10/10
  3028 | D:4      | Reached skill level 7 in Stealth
  3029 | D:4      | Reached * piety under Fedhas
  3102 | D:4      | Found a basalt altar of Yredelemnul.
  3396 | D:5      | Entered Level 5 of the Dungeon
  3415 | D:5      | Reached XP level 7. HP: 43/43 MP: 11/11
  3442 | D:5      | Found a shadowy altar of Dithmenos.
  3484 | D:5      | Reached skill level 8 in Stealth
  3776 | D:5      | XOM: noise
  4009 | D:5      | Found a deep blue altar of Sif Muna.
  4132 | D:6      | Reached skill level 1 in Invocations
  4218 | D:6      | Found a glowing golden altar of the Shining One.
  4234 | D:6      | Reached skill level 1 in Shields
  4236 | D:6      | Reached skill level 9 in Stealth
  4243 | D:6      | Reached XP level 8. HP: 29/48 MP: 7/12
  4275 | D:6      | Gained mutation: You are covered in fur (AC +1). [mutagenic meat]
  4276 | D:6      | Gained mutation: You are dopey. (Int -2) [mutagenic meat]
  4277 | D:6      | Lost mutation: You are partially covered in thin metallic scales (AC +2). [mutagenic meat]
  4284 | D:6      | Lost mutation: You are clumsy. (Dex -2) [potion of mutation]
  4284 | D:6      | Gained mutation: You are agile. (Dex +2) [potion of mutation]
  4377 | D:6      | Noticed Eustachio
  4389 | D:6      | Killed Eustachio
  4427 | D:6      | Found a bloodstained altar of Trog.
  4480 | D:6      | Noticed Menkaure
  4492 | D:6      | Killed Menkaure
  4492 | D:6      | Reached skill level 10 in Stealth
  4589 | D:6      | Noticed Charly's ghost (novice NaTm)
  4590 | D:6      | XOM: summons 4 hostile shadow creatures
  4605 | D:6      | Killed Charly's ghost
  4619 | D:6      | Found a bloodstained altar of Trog.
  4645 | D:6      | Found an opulent altar of Gozag.
  4649 | D:6      | Found a snail-covered altar of Cheibriados.
  4743 | D:6      | Got a vibrating pewter ring
  4848 | D:6      | XOM: give mutations
  4848 | D:6      | Lost mutation: You are agile. (Dex +2) [Xom's mischief]
  4848 | D:6      | Gained mutation: One of your tentacles bears a spike. [Xom's mischief]
  4848 | D:6      | Gained mutation: Scrolls take you longer to read. [Xom's mischief]
  4948 | D:7      | Noticed Duvessa
  4955 | D:7      | XOM: medium Fire miscast
  4958 | D:7      | Killed Duvessa
  4958 | D:7      | Reached XP level 9. HP: 46/53 MP: 11/14
  4963 | D:7      | Noticed Dowan
  4968 | D:7      | Killed Dowan
  5071 | D:7      | XOM: summons 3 hostile demons
  5486 | D:7      | Reached skill level 11 in Stealth
  5488 | D:7      | Reached ** piety under Fedhas
  5523 | D:7      | Got a scintillating silver ring
  5524 | D:7      | Identified the ring of Noibumes {Str+4 Int+3} (You found it on level 7 of the Dungeon)
  5695 | D:7      | Found an ancient bone altar of Kikubaaqudgha.
  5783 | D:7      | XOM: give mutations
  5783 | D:7      | Gained mutation: You are clumsy. (Dex -2) [Xom's mischief]
  5783 | D:7      | Lost mutation: You are dopey. (Int -2) [Xom's mischief]
  5783 | D:7      | Gained mutation: You have an increased reservoir of magic (+10% MP). [Xom's mischief]
  5783 | D:7      | Gained mutation: You are dopey. (Int -2) [Xom's mischief]
  5909 | D:7      | Noticed Crazy Yiuf
  5913 | D:7      | Killed Crazy Yiuf
  6301 | D:8      | Found a staircase to the Lair.
  6326 | D:8      | Reached *** piety under Fedhas
  6377 | D:8      | XOM: mild Erth miscast
  6537 | D:8      | Identified the ring "Istacwuafa" {MR+ Str+3 Int+2} (You found it on level 6 of the Dungeon)
  6580 | D:8      | Reached skill level 5 in Dodging
  6635 | D:8      | Found a stormy altar of Qazlal.
  6711 | D:8      | Noticed Prince Ribbit
  6749 | D:8      | Reached skill level 5 in Invocations
  6756 | D:8      | Reached skill level 12 in Stealth
  6756 | D:8      | Reached XP level 10. HP: 17/58 MP: 8/17
  6776 | D:8      | Lost mutation: One of your tentacles bears a spike. [potion of mutation]
  6776 | D:8      | Lost mutation: You are dopey. (Int -2) [potion of mutation]
  6903 | D:8      | Killed Prince Ribbit
  6929 | D:8      | Found a shattered altar of Ashenzari.
  6977 | D:9      | Found an iron altar of Okawaru.
  7095 | D:9      | Reached skill level 5 in Shields
  7111 | D:9      | XOM: noise
  7258 | D:9      | Found a shadowy altar of Dithmenos.
  7682 | D:9      | XOM: mild Tloc miscast
  7980 | D:10     | Entered Level 10 of the Dungeon
  8094 | D:10     | XOM: noise
  8099 | D:10     | Noticed Joseph
  8110 | D:10     | Reached skill level 13 in Stealth
  8119 | D:10     | Killed Joseph
  8143 | D:10     | Noticed Gastronok
  8165 | D:10     | Killed Gastronok
  8209 | D:10     | Noticed Nergalle
  8216 | D:10     | Noticed nublet's ghost (journeyman CeSk)
  8445 | D:10     | Found a staircase to the Orcish Mines.
  8460 | D:10     | Noticed Maud
  8474 | D:10     | XOM: medium Air miscast
  8475 | D:10     | Killed Nergalle
  8475 | D:10     | Reached XP level 11. HP: 54/63 MP: 14/19
  8572 | D:10     | XOM: mild Pois miscast
  8673 | D:10     | XOM: mild Erth miscast
  8891 | D:11     | Noticed a four-headed hydra
  9079 | D:11     | Noticed a skeletal warrior
  9079 | D:11     | Noticed a skeletal warrior
  9080 | D:11     | Noticed a skeletal warrior
  9093 | D:11     | Killed a skeletal warrior
  9107 | D:11     | XOM: mild Erth miscast
  9143 | D:11     | XOM: polymorph wandering mushroom -> shambling mangrove
  9196 | D:11     | XOM: mild Trmt miscast
  9326 | D:10     | Killed Maud
  9337 | D:10     | Killed nublet's ghost
  9337 | D:10     | Reached skill level 14 in Stealth
  9669 | D:10     | XOM: polymorph shambling mangrove -> thorn hunter
  9681 | D:10     | XOM: mild Air miscast
  9959 | D:11     | Killed a skeletal warrior
  9961 | D:11     | Killed a skeletal warrior
 10185 | D:11     | Noticed Psyche
 10195 | D:11     | Killed Psyche
 10438 | D:12     | Noticed a hill giant
 10444 | D:12     | Killed a hill giant
 10444 | D:12     | Reached skill level 5 in Slings
 10489 | D:12     | XOM: noise
 10504 | D:12     | Found a flagged portal.
 10647 | Bailey   | Entered a bailey
 10652 | Bailey   | Noticed an orc warlord
 10682 | Bailey   | XOM: enchant monster (good)
 10682 | Bailey   | Was forgiven by Xom
 10775 | Bailey   | Found a runed gate.
 10777 | Bailey   | Found a runed gate.
 10779 | Bailey   | Found a runed gate.
 10799 | Bailey   | Reached **** piety under Fedhas
 10963 | Bailey   | Killed an orc warlord
 10963 | Bailey   | Reached XP level 12. HP: 68/68 MP: 21/21
 10983 | Bailey   | Identified a +6 rod of shadows (9/9) (You found it in a bailey)
 11164 | D:12     | Found a portal to a secret trove of treasure.
 11336 | D:12     | Reached skill level 15 in Stealth
 11748 | D:13     | Reached skill level 10 in Evocations
 11867 | D:13     | Gained mutation: Your muscles are strong. (Str +2) [mutagenic meat]
 11868 | D:13     | Gained mutation: You have a pair of small antennae on your head. [mutagenic meat]
 11879 | D:13     | Learned a level 3 spell: Mephitic Cloud
 11882 | D:13     | Learned a level 2 spell: Repel Missiles
 11885 | D:13     | Learned a level 2 spell: Blink
 11893 | D:13     | Noticed a centaur warrior
 11898 | D:13     | Noticed a tengu warrior
 11902 | D:13     | Killed a centaur warrior
 11906 | D:13     | Killed a tengu warrior
 11937 | D:13     | Reached skill level 1 in Spellcasting
 12023 | D:13     | Gained mutation: You are partially covered in thin metallic scales (AC +2). [mutagenic meat]
 12024 | D:13     | Gained mutation: Your flesh is heat resistant. [mutagenic meat]
 12026 | D:13     | Lost mutation: You have a pair of small antennae on your head. [mutagenic meat]
 12222 | D:13     | Noticed a centaur warrior
 12229 | D:13     | Killed a centaur warrior
 12236 | D:13     | Found a gate to the Vaults.
 12273 | D:13     | Noticed an ogre mage
 12277 | D:13     | Killed an ogre mage
 12361 | D:13     | Noticed a tengu warrior
 12363 | D:13     | Noticed a tengu warrior
 12371 | D:13     | Killed a tengu warrior
 12372 | D:13     | Killed a tengu warrior
 12597 | D:13     | Noticed a catoblepas
 12602 | D:13     | Killed a catoblepas
 12661 | D:13     | Gained mutation: One of your tentacles bears a spike. [potion of beneficial mutation]
 12662 | D:13     | Lost mutation: You are clumsy. (Dex -2) [potion of cure mutation]
 12662 | D:13     | Lost mutation: Scrolls take you longer to read. [potion of cure mutation]
 12662 | D:13     | Lost mutation: You are partially covered in thin metallic scales (AC +2). [potion of cure mutation]
 12662 | D:13     | Lost mutation: Your flesh is heat resistant. [potion of cure mutation]
 12992 | Orc:1    | Entered Level 1 of the Orcish Mines
 13528 | Orc:3    | Reached ***** piety under Fedhas
 13633 | Orc:3    | Found a staircase to the Elven Halls.
 13815 | Orc:3    | Reached XP level 13. HP: 72/72 MP: 22/22
 14103 | Orc:4    | Entered Level 4 of the Orcish Mines
 14183 | Orc:4    | Reached skill level 16 in Stealth
 14452 | Orc:4    | Found a roughly hewn altar of Beogh.
 14464 | Orc:4    | Reached ****** piety under Fedhas
 15142 | Orc:4    | Found Wudghu's Antique Armour Emporium.
 15142 | Orc:4    | Found Eraoseno's Jewellery Boutique.
 15167 | Orc:4    | Found Unamuomi's Magic Scroll Boutique.
 15167 | Orc:4    | Found Lifukh's Distillery.
 15177 | Orc:4    | Bought a scroll of blinking for 105 gold pieces
 15190 | Orc:4    | Bought a potion of flight for 33 gold pieces
 15626 | Orc:2    | HP: 2/72 [orc priest/divine providence (14)]
 15642 | Orc:1    | Noticed Fannar
 15643 | Orc:1    | Slain by an orc warrior

Vault maps used:
D:1:      minmay_arrival_arboretum_small, supply_closet_lemuel
D:2:      nicolae_overflow_crystal_walls, fedhas_altar_2, first_bread
D:3:      lemuel_coloured_pillars_altar, grunt_ministairs_10,
          kennysheep_jessica_study
D:4:      yredelemnul_altar_generic, minmay_temple_entry_statues_pillars,
          minmay_hedge_maze
D:5:      kennysheep_mini, kennysheep_mini_moat, roderic_filled_cross
D:6:      nicolae_tso_carved_into_rock, grunt_temple_overflow_open,
          trog_three_pillars_becter, uniq_menkaure, uniq_eustachio
D:7:      kiku_gazebo_pond_becter, serial_undead, serial_undead_e,
          serial_undead_c, serial_undead_c, serial_undead_c, serial_undead_c,
          serial_undead_e, serial_undead_e, roderic_aztec_sauvastika,
          uniq_duvessa, uniq_crazy_yiuf_cottage
D:8:      lemuel_round_altar, ashenzari_altar_1, lair_0_dummy, minivault_1,
          uniq_prince_ribbit1
D:9:      overflow_temple_1_default, hangedman_tell_no_tales,
          grunt_dithmenos_smoke
D:10:     minmay_goldmine, david_orc_2, uniq_gastronok, uniq_maud,
          uniq_nergalle, uniq_joseph
D:11:     minivault_27, minmay_door_square, lightli_fourway_metalbox,
          uniq_psyche
D:12:     enter_bailey_3, nicolae_trove_entry_free_sample
D:13:     david_vaults_2
D:14:     minmay_misc_feat_square, uniq_frances
Temple:   nicolae_temple_hex_pool_5
Orc:1:    uniq_fannar
Orc:2:    special_room
Orc:3:    nicolae_orc_pool_cavern, nooodl_orcs_dogs
Orc:4:    grunt_orc_tribal_feast, basic_altar
Bailey:   bailey_axe_bossmonster_kennysheep, bailey

Action                   |  1- 3 |  4- 6 |  7- 9 | 10-12 | 13-15 || total
-------------------------+-------+-------+-------+-------+-------++-------
Melee: Short sword       |    41 |    90 |   225 |   167 |       ||   523
       Demon trident     |       |       |       |   303 |   124 ||   427
 Fire: Hunting sling     |       |       |       |     1 |    50 ||    51
Invok: Evolution         |       |       |     7 |    16 |     4 ||    27
       Sunlight          |       |       |     2 |       |       ||     2
       Reproduction      |       |       |       |     1 |     6 ||     7
       Rain              |       |       |       |       |     5 ||     5
Evoke: Wand              |     1 |    10 |    23 |    19 |     4 ||    57
       Rod               |       |       |       |     1 |       ||     1
  Use: Potion            |       |     1 |     9 |     8 |     4 ||    22
       Scroll            |       |       |     8 |    10 |     4 ||    22
 Stab: Sleeping          |    11 |    10 |    26 |    43 |     3 ||    93
       Distracted        |       |     1 |       |    10 |     4 ||    15
       Paralysed         |       |       |     3 |     2 |       ||     5
       Confused          |       |       |     1 |     1 |       ||     2
  Eat: Chunk             |       |     1 |     3 |     6 |       ||    10
       Bread ration      |       |     2 |     1 |     4 |     1 ||     8
       Pizza             |       |       |     1 |     1 |       ||     2
       Meat ration       |       |       |     1 |     1 |       ||     2
       Beef jerky        |       |       |     1 |       |       ||     1
